 Dungeon Crawl Stone Soup version 0.31-a0-981-geadf994542 (webtiles) character file.

Game seed: 17536528887845377349

378 javelincjr the Sneak (level 6, -4/36 HPs)
             Began as an Octopode Summoner on Oct 31, 2023.
             Slain by an ogre
             ... wielding a +0 giant club
              (12 damage)
             ... on level 6 of the Dungeon.
             The game lasted 00:14:25 (2334 turns).

javelincjr the Sneak (Octopode Summoner)            Turns: 2334, Time: 00:14:26

Health: -4/36      AC:  1    Str:  8    XL:     6   Next: 74%
Magic:  9/12       EV: 14    Int: 19    God:
Gold:   115        SH:  0    Dex: 12    Spells: 8/13 levels left

rFire   . . .        d - +0 dagger
rCold   . . .        (no shield)
rNeg    . . .        (helmet restricted)
rPois   .            (no amulet)
rElec   .            (no ring)
rCorr   .            (no ring)
SInv    .            (no ring)
Will    .....        (no ring)
Stlth   ++++         (no ring)
HPRegen 0.26/turn    (no ring)
MPRegen 0.13/turn    (no ring)
                     (no ring)

%: no passive effects
@: no status effects
A: almost no armour, amphibious, 8 rings, camouflage 1, gelatinous body 1,
(nimble swimmer 1), tentacles
a: no special abilities


You were on level 6 of the Dungeon.
You visited 2 branches of the dungeon, and saw 5 of its levels.

You collected 115 gold pieces.

Inventory:

Hand Weapons
 d - a +0 dagger (weapon)
Missiles
 c - 13 stones
 i - 4 atropa-tipped darts
Scrolls
 e - a scroll of identify {unknown}
 g - a scroll of enchant armour {unknown}
 h - a scroll of fog {unknown}
 k - a scroll of teleportation {unknown}
 m - a scroll of noise {unknown}
Potions
 a - 2 potions of magic
 b - 5 potions of curing {unknown}
 f - a potion of ambrosia {unknown}
 j - a potion of heal wounds {unknown}
 l - a potion of degeneration {unknown}


   Skills:
 + Level 3.5 Dodging
 + Level 5.0 Stealth
 * Level 4.2 Spellcasting
 + Level 5.0 Summonings


You had 8 spell levels left.
You knew the following spells:

 Your Spells              Type           Power      Damage    Failure   Level
a - Summon Small Mammal   Summ           92%        N/A       1%          1
b - Call Imp              Summ           46%        N/A       2%          2
c - Blink                 Tloc           8%         N/A       21%         2

Your spell library contained the following spells:

 Spells                   Type           Power      Damage    Failure   Level
 Call Canine Familiar     Summ           23%        N/A       4%          3
 Summon Guardian Golem    Hex/Summ       13%        N/A       14%         3
 Lesser Beckoning         Tloc           8%         N/A       21%         2
 Momentum Strike          Conj/Tloc      8%         3d8       21%         2
 Volatile Blastmotes      Fire/Tloc      8%         2d10      38%         3
 Summon Lightning Spire   Summ/Air       13%        N/A       43%         4
 Fulminant Prism          Conj/Hex       2%         3d5       80%         4
 Iskenderun's Mystic Bla  Conj/Tloc      4%         2d3       80%         4


Dungeon Overview and Level Annotations

Branches:
Dungeon (6/15)             Temple (1/1) D:6

Altars:
Ashenzari
Cheibriados
Elyvilon
Fedhas
Hepliaklqana
Kikubaaqudgha
Makhleb
Nemelex Xobeh
Okawaru
Qazlal
Uskayaw
Wu Jian
Yredelemnul
Zin

Annotations:
D:3 Natasha
D:6 Maggie


Innate Abilities, Weirdness & Mutations

You cannot wear most types of armour.
You are amphibious.
You can wear up to eight rings at the same time.
Your skin changes colour to match your surroundings (Stealth+).
Your rubbery body absorbs attacks. (AC +1, EV +1)
((You are camouflaged when in or above water. (Stealth+)))
You have tentacles for arms and can constrict up to eight enemies at once.


Message History

Your cerulean imp hits the hound with a -2 spear.
The hound dies!
Your Stealth skill increases to level 5!
Your Summonings skill increases to level 5!
Magic restored.
You swap places.
You see here a hound corpse.
Found a stone staircase leading down.
You enter the shallow water.
Found a stone staircase leading down.
Your cerulean imp disappears in a puff of smoke!
You now have 115 gold pieces (gained 15).
Casting: Call Imp (safe; 2% risk of failure)
Confirm with . or Enter, or press ? or * to list all spells.
A tiny devil pulls itself out of the air.
Casting: Call Imp (safe; 2% risk of failure)
Confirm with . or Enter, or press ? or * to list all spells.
Casting: Summon Small Mammal (safe; 1% risk of failure)
Confirm with . or Enter, or press ? or * to list all spells.
You swap places.
Your quokka bites the ogre.
Your cerulean imp hits the ogre from afar with a -2 spear.
Your quokka bites the ogre.
Your cerulean imp hits the ogre from afar with a -2 spear.
Your quokka bites the ogre.
Your quokka closely misses the ogre.
Your cerulean imp barely misses the ogre.
You hit the ogre.
The ogre is heavily wounded.
Your quokka bites the ogre.
The ogre hits you with a +0 giant club!!
Ouch! That really hurt!
* * * LOW HITPOINT WARNING * * *
Your cerulean imp hits the ogre from afar with a -2 spear.
Your quokka barely misses the ogre.
Your quokka bites the ogre.
You are too injured to fight recklessly!
You hit the ogre.
The ogre is almost dead.
Your quokka completely misses the ogre.
Your cerulean imp completely misses the ogre.
Your quokka bites the ogre.
The ogre hits you with a +0 giant club!
You die...

......#..#...###...####....###...
.....###..#..# #....#....###....
.##.## #..##..# #..............
.#.## ##.# ..# ##.............
... #.# #..## #...#..#....... ...
#..##...##...##..##....## #..
.<.##.......# ##..#...### .##
@....#......# ##...##..# #
##....#.rO@..###.....#..#
###.....r..............###
#..###5..P.......###.... # ..##
#.......#...# #..## ..##
##......###.## ##.# .....
##..~♣P.P###..# ##.#
#....###...~~...P..#..##..##
.......>.P.~~♣~...###......#
..........~♣~~~♣...###..##..


You could see an ogre (ally target), a friendly cerulean imp (summoned) and 2
friendly quokkas.

Vanquished Creatures
  Jessica (D:2)
  A dart slug (D:1)
  A bat (D:1)
  A goblin (D:2)
  A kobold (D:2)
  A quokka (D:2)
  2 frilled lizards
8 creatures vanquished.

Vanquished Creatures (collateral kills)
  Sigmund (D:2)
  A centaur (D:6)
  A hound (D:6)
  3 gnolls (D:2)
  An adder (D:2)
  3 dart slugs (D:1)
  3 bats (D:1)
  4 endoplasms
  2 goblins (D:1)
  A quokka (D:2)
  3 ball pythons
  2 frilled lizards (D:2)
  A rat (D:1)
26 creatures vanquished.

Grand Total: 34 creatures vanquished

Notes
Turn   | Place    | Note
-------+----------+-------------------------------------------
     0 | D:1      | javelincjr the Octopode Summoner began the quest for the
                  | Orb.
     0 | D:1      | Reached XP level 1. HP: 11/11 MP: 3/3
   297 | D:1      | Reached XP level 2. HP: 9/17 MP: 0/5
   300 | D:1      | Learned a level 2 spell: Call Imp
   820 | D:2      | Reached XP level 3. HP: 21/21 MP: 6/6
   823 | D:2      | Learned a level 2 spell: Blink
  1004 | D:2      | Noticed Jessica
  1032 | D:2      | Killed Jessica
  1033 | D:2      | Reached XP level 4. HP: 12/27 MP: 3/8
  1180 | D:2      | Noticed Sigmund
  1257 | D:2      | Killed Sigmund
  1258 | D:2      | Reached XP level 5. HP: 31/31 MP: 2/10
  1258 | D:2      | Reached XP level 6. HP: 36/36 MP: 2/11
  1983 | D:3      | Found a basalt altar of Yredelemnul.
  1983 | D:3      | Found an ornate altar of the Wu Jian Council.
  2007 | D:3      | Noticed Natasha
  2007 | D:3      | You fall into a shaft and drop 3 floors!
  2039 | D:6      | Noticed Maggie
  2086 | D:6      | Found a staircase to the Ecumenical Temple.
  2108 | Temple   | Entered the Ecumenical Temple
  2285 | D:6      | Reached skill level 5 in Stealth
  2285 | D:6      | Reached skill level 5 in Summonings
  2334 | D:6      | Slain by an ogre

Illustrated notes

Levels and vault maps discovered:
D:1:      dpeg_arrival_short_road, layout_basic
D:2:      layout_loops_ring, uniq_jessica, uniq_sigmund
D:3:      layout_rooms, grunt_gozag_statues, gammafunk_temple_overflow_pools,
          uniq_natasha, uniq_ijyb
D:6:      layout_layer_cave, nicolae_sif_muna_condensation,
          nicolae_dithmenos_through_a_glass_darkly,
          minmay_temple_entry_drinking_statues, nrook_uturn,
          hangedman_decor_growths, serial_bayou_pond_a, mrwooster_statue_mirror,
          uniq_maggie
Temple:   nicolae_temple_bog_church

Skill      XL: |  1  2  3  4  5  6 |
---------------+-------------------+-----
Stealth        | 3 4 5 |  5.0
Dodging        | 3 |  3.5
Spellcasting   | 3 4 |  4.2
Summonings     | 5 |  5.0

Action                     |  1- 3 |  4- 6 || total
---------------------------+-------+-------++-------
  Melee: Dagger            |    21 |    18 ||    39
         Constrict         |     7 |     1 ||     8
         Tentacles         |     3 |     4 ||     7
         Punch             |       |     1 ||     1
   Cast: Summon Small Mamm |    21 |     6 ||    27
         Call Imp          |     7 |    22 ||    29
   Stab: Sleeping          |     1 |       ||     1
 Armour: Skin              |    22 |    22 ||    44
  Dodge: Dodged            |    18 |    18 ||    36

Table legend: (Time is in decaauts)
 A = Elapsed time spent in this place.
 B = Non-inter-level travel time spent in this place.
 C = Inter-level travel time spent in this place.
 D = Time resting spent in this place.
 E = Time spent auto-exploring this place.
 F = Levels seen in this place.
 G = Mean time per level.
                   A        B        C        D        E       F      G
               +--------+--------+--------+--------+--------+-----+--------+
         Total |   2333 |   2189 |    144 |      0 |   1464 |   5 |  466.6 |
       Dungeon |   2198 |   2122 |     76 |      0 |   1398 |   4 |  549.5 |
        Temple |    134 |     66 |     68 |      0 |     66 |   1 |  134.0 |
               +--------+--------+--------+--------+--------+-----+--------+

Top non-repeatable levels by time:
     D:2: 1156 daAuts
     D:1: 814 daAuts
     D:6: 192 daAuts
  Temple: 134 daAuts
     D:3: 34 daAuts
